 Dungeon Sprint DCSS version 0.16-a0-3841-g2612308 (console) character file.

12 Monkaria the Chopper (level 3, -24/37 HPs)
             Began as a Hill Orc Fighter on Jan 30, 2015.
             Was a Follower of Makhleb.
             Killed by an exploding giant spore (31 damage)
             ... set off by themself
             ... in the Dungeon (Sprint VI: "Thunderdome").
             The game lasted 00:03:10 (294 turns).

Monkaria the Chopper (Hill Orc Fighter)              Turns: 294, Time: 00:03:10

Health: -24/37     AC:  6    Str: 19    XL:     3   Next: 64%
Magic:  3/3        EV:  7    Int:  8    God:    Makhleb [*.....]
Gold:   220        SH:  0    Dex: 10    Spells: 0 memorised, 2 levels left

rFire  . . .     SeeInvis .     a - +0 war axe
rCold  . . .     Clarity  .     b - +0 scale mail
rNeg   . . .     SustAb   .     c - +0 shield
rPois  .         Gourm    .     (no helmet)
rElec  .         Spirit   .     (no cloak)
rCorr  .         Warding  .     (no gloves)
rMut   .         NoTele   +     (no boots)
MR     .....                    (no amulet)
Stlth  ..........               (no ring)
                                (no ring)

@: confused, not resistant to hostile enchantments, extremely unstealthy
A: no striking features
a: Renounce Religion


You were in the Dungeon.
You worshipped Makhleb.
Makhleb was aware of your devotion.
You were not hungry.

You visited 1 branch You collected 220 gold pieces.

Inventory:

Hand weapons
 a - a +0 war axe (weapon)
Armour
 b - a +0 scale mail (worn)
 c - a +0 shield (worn)
Magical devices
 n - a wand of cold (3)
 o - a wand of fire (5)
Scrolls
 k - 4 scrolls of blinking
 p - 3 scrolls of fog
Potions
 e - a potion of might
 f - a potion of curing
 g - 4 potions of heal wounds
 h - 4 potions of haste
 i - 2 potions of magic
 j - a potion of berserk rage
 m - a potion of resistance
Comestibles
 d - a meat ration
 l - 2 chunks of flesh


   Skills:
 + Level 5.8 Fighting
 * Level 7.9 Axes
 - Level 3.2 Armour
 - Level 3.2 Shields


You had 2 spell levels left.
You didn't know any spells.

Dungeon Overview and Level Annotations

Branches:
Dungeon (1/1)

Altars:
Cheibriados
Dithmenos
Elyvilon
Fedhas
Gozag
Kikubaaqudgha
Makhleb
Nemelex Xobeh
Okawaru
Qazlal
Ru
Sif Muna
Trog
Vehumet
Xom
Yredelemnul
Zin
The Shining One
Jiyva
Lugonu

Shops:
D *[%??*?*:[((!!!!


Message History

You hit the ballistomycete.
The ballistomycete is lightly damaged.
You hit the ballistomycete.
The ballistomycete is lightly damaged.
A giant spore comes into view.
You hit the ballistomycete.
The ballistomycete is moderately damaged.
You slash the ballistomycete!
The ballistomycete is almost destroyed.
You slash the ballistomycete!
You destroy the ballistomycete!
Zapping:
n - a wand of cold (3)
Press: ? - help, Shift-Dir - straight line, f - giant spore
Aim: a giant spore The bolt of cold hits the giant spore.
The giant spore explodes!
A fungus suddenly grows.
The explosion of spores engulfs you!
You are confused.
Ouch! That really hurt!
You die...

###.........### #§...........⌠#
######.8.........8.######
##∩___..P...###......___∩##
###∩.......*8.# #.8.......)∩###
##.............###.............#
#⌠..........###...###......)...⌠
#⌠..........# #.<.# #..........⌠
#⌠..........###@..###..........⌠
##..........P..###.............#
###∩........8.# #.8........∩###
##∩___......###......___∩##
######.8.........8.######
#⌠...........⌠# ###.........###
#........_# #_......._#


There were no monsters in sight!

Vanquished Creatures
  A hound (D)
  A giant spore (D)
  2 goblins (D)
  A hobgoblin (D)
  A rat (D)
  3 ballistomycetes (D)
9 creatures vanquished.

Vanquished Creatures (others)
  A giant spore (D)
1 creature vanquished.

Grand Total: 10 creatures vanquished

Notes
Turn   | Place    | Note
--------------------------------------------------------------
     0 | D        | Monkaria, the Hill Orc Fighter, began the quest for the Orb.
     0 | D        | Reached XP level 1. HP: 19/19 MP: 1/1
     0 | D        | Found a corrupted altar of Lugonu.
     0 | D        | Found a glowing golden altar of the Shining One.
     1 | D        | Found a glowing silver altar of Zin.
     1 | D        | Found an opulent altar of Gozag.
     2 | D        | Found a white marble altar of Elyvilon.
     2 | D        | Found a bloodstained altar of Trog.
     3 | D        | Found Piaqeloa's Jewellery.
     3 | D        | Found Upsameq's Bee Food.
     3 | D        | Found a stormy altar of Qazlal.
     3 | D        | Found Goaj's Magic Scroll Shop.
     4 | D        | Found a shimmering altar of Xom.
     4 | D        | Found Puojuteo's Magic Scroll Shop.
     5 | D        | Round 1.
     7 | D        | Found Wito's Staff Store.
     7 | D        | Found Boen's Must-Have Magic.
    18 | D        | Found a snail-covered altar of Cheibriados.
    24 | D        | Found a sparkling altar of Nemelex Xobeh.
    24 | D        | Found a basalt altar of Yredelemnul.
    24 | D        | Found Twietsus' Distillery.
    24 | D        | Found Phuasker's Distillery.
    25 | D        | Found a blossoming altar of Fedhas.
    26 | D        | Found Seanalea's Bottled Wisdom.
    26 | D        | Found a radiant altar of Vehumet.
    26 | D        | Found an ancient bone altar of Kikubaaqudgha.
    26 | D        | Found Bruamext's Do-It-Yourself Clinic.
    41 | D        | Reached skill level 4 in Fighting
    48 | D        | Found a deep blue altar of Sif Muna.
    54 | D        | Found a burning altar of Makhleb.
    55 | D        | Found Pyaven's Weapon Rack.
    56 | D        | Found Sahaweneirph's Basic Armour.
    57 | D        | Found an iron altar of Okawaru.
    57 | D        | Found a shadowy altar of Dithmenos.
    58 | D        | Found Woogg's Premium Goods.
    58 | D        | Found Tanosoy's Miscellaneous Merchandise.
    65 | D        | Became a worshipper of Makhleb the Destroyer
    88 | D        | Found a sacrificial altar of Ru.
    90 | D        | Found a viscous altar of Jiyva.
    90 | D        | Found Tuym Cezoi's Identification Station.
    90 | D        | Found Naiteah's Advanced Armour.
   123 | D        | Acquired Makhleb's first power
   144 | D        | Noticed a hound
   154 | D        | Killed a hound
   154 | D        | Arena points: 12 (+12) [x2]
   154 | D        | Reached skill level 5 in Fighting
   154 | D        | Reached skill level 7 in Axes
   154 | D        | Reached XP level 2. HP: 12/29 MP: 2/2
   154 | D        | Reached XP level 3. HP: 14/36 MP: 3/3
   213 | D        | Round 2.
   294 | D        | Killed by an exploding giant spore... set off by themself

Action                   || total
-------------------------++-------
Melee: War axe           ||    33
Evoke: Wand              ||     2
